 Dungeon Crawl Stone Soup version 0.17.1-3-g152610e (webtiles) character file.

106 MrTails the Chopper (level 4, -12/29 HPs)
             Began as a Gargoyle Fighter on Feb 17, 2016.
             Mangled by a crocodile (15 damage)
             ... in a sewer.
             The game lasted 00:05:51 (1535 turns).

MrTails the Chopper (Gargoyle Fighter)              Turns: 1535, Time: 00:05:52

Health: -12/29     AC: 10    Str: 26    XL:     4   Next: 84%
Magic:  4/4        EV:  7    Int:  8    God:
Gold:   100        SH:  9    Dex:  9    Spells: 0 memorised, 3 levels left

rFire  . . .     SeeInvis .     a - +0 war axe
rCold  . . .     Clarity  .     b - +0 scale mail
rNeg   + . .     SustAt   .     c - +0 shield
rPois  ∞         Gourm    .     (no helmet)
rElec  +         Spirit   .     (no cloak)
rCorr  .         Warding  .     (no gloves)
rMut   .         Stasis   .     (no boots)
MR     .....                    (no amulet)
Stlth  ..........               (no ring)
                                (no ring)

@: mighty, not resistant to hostile enchantments, extremely unstealthy
A: negative energy resistance 1, electricity resistance, unbreathing,
petrification resistance, rot immunity, AC +3
a: no special abilities


You were in a sewer.
You were not hungry.

You visited 1 branch of the dungeon, and saw 3 of its levels.
You also visited: Sewer.

You collected 100 gold pieces.

Inventory:

Hand Weapons
 a - a +0 war axe (weapon)
Armour
 b - a +0 scale mail (worn)
 c - a +0 shield (worn)
 j - a +1 pair of gloves
 t - a +0 cloak
Jewellery
 o - an uncursed ring of stealth {unknown}
 p - an uncursed amulet of resist mutation {unknown}
 q - an uncursed ring of see invisible {unknown}
Scrolls
 f - 2 scrolls of identify {unknown}
 l - a scroll of enchant weapon {unknown}
 u - a scroll of remove curse
 w - 2 scrolls of random uselessness {unknown}
Potions
 g - a potion of curing {unknown}
 i - 2 potions of flight {unknown}
 k - 5 potions of heal wounds {unknown}
 m - a potion of lignification {unknown}
 n - a potion of mutation {unknown}
 r - a potion of haste {unknown}
 x - a potion of degeneration {unknown}
Comestibles
 e - a bread ration
 h - 2 meat rations
 s - 4 fruits
 v - 2 chunks of flesh


   Skills:
 - Level 3.7 Fighting
 * Level 3.9 Axes
 - Level 3.4 Armour
 - Level 3.4 Shields


You had 3 spell levels left.
You didn't know any spells.

Dungeon Overview and Level Annotations

Branches:
Dungeon (3/15)

Altars:
Ru


Innate Abilities, Weirdness & Mutations

You are resistant to torment.
Your stone body is resilient (AC +3).
You are immune to poison.
You resist negative energy.
You are resistant to electric shocks.
You can survive without breathing.
You are immune to petrification.
You are immune to rotting.


Message History

You barely miss the crocodile.
The crocodile is severely wounded.
The crocodile bites you!
* * * LOW HITPOINT WARNING * * *
Your shield and scale mail prevent you from hitting the crocodile.
The crocodile is severely wounded.
The crocodile bites you.
* * * LOW HITPOINT WARNING * * *
You closely miss the crocodile.
The crocodile is severely wounded.
The crocodile barely misses you.
The crocodile bites you but does no damage.
You closely miss the crocodile.
The crocodile is heavily wounded.
The crocodile bites you but does no damage.
You barely miss the crocodile.
The crocodile is heavily wounded.
The crocodile bites you!
Ouch! That really hurt!
You die...

## ##
#??#.
%≈#.#
#...
##.≈.##
#≈.≈.t#
#....@##
#..≈#...#
#. ##..##
#...#
##..#
#..# #.≈
#≈.# #≈.#
##.≈#
#...
#...#


You could see a crocodile.

Vanquished Creatures
  3 adders
  2 river rats (D:3)
  2 worms
  A giant gecko (D:3)
  3 orcs (D:3)
  A ball python (D:2)
  6 bats
  3 giant cockroaches
  2 hobgoblins
  5 jackals
  A quokka (D:2)
  5 giant newts
  9 goblins
  7 kobolds
  7 rats
57 creatures vanquished.

Notes
Turn   | Place    | Note
--------------------------------------------------------------
     0 | D:1      | MrTails the Gargoyle Fighter began the quest for the Orb.
     0 | D:1      | Reached XP level 1. HP: 14/14 MP: 1/1
     8 | D:1      | Noticed a giant frog
   137 | D:1      | Reached XP level 2. HP: 19/19 MP: 2/2
   513 | D:2      | Reached XP level 3. HP: 24/24 MP: 3/3
   976 | D:3      | Reached XP level 4. HP: 22/29 MP: 4/4
  1142 | D:3      | Found a sacrificial altar of Ru.
  1296 | D:3      | Found a glowing drain.
  1450 | Sewer    | Entered a sewer
  1522 | Sewer    | Noticed a crocodile
  1535 | Sewer    | Mangled by a crocodile

Action                   |  1- 3 |  4- 6 || total
-------------------------+-------+-------++-------
Melee: War axe           |   134 |    71 ||   205
  Use: Scroll            |     2 |       ||     2
       Potion            |       |     1 ||     1
  Eat: Bread ration      |       |     1 ||     1
